 Seeded DCSS version 0.29-a0-378-gc08b2e8bf8 (webtiles) character file.

Game seed: 18446744073709551615 (custom seed)

2 joe1234567 the Chiller (level 1, -4/13 HPs)
             Began as a Human Ice Elementalist on May 5, 2022.
             Frozen to death by an endoplasm (5 damage)
             ... on level 1 of the Dungeon.
             The game lasted 00:00:43 (171 turns).

joe1234567 the Chiller (Human Ice Elementalist)      Turns: 171, Time: 00:00:44

Health: -4/13      AC:  8    Str:  8    XL:     1   Next: 44%
Magic:  3/3        EV:  3    Int: 15    God:
Gold:   10         SH:  0    Dex: 13    Spells: 3/4 levels left

rFire   . . .      SeeInvis .   (no weapon)
rCold   . . .      Faith    .   (no shield)
rNeg    . . .      Spirit   .   c - +0 chain mail
rPois   .          Reflect  .   (no helmet)
rElec   .          Harm     .   (no cloak)
rCorr   .          Rampage  .   (no gloves)
Will    .....                   (no boots)
Stlth   ..........              (no amulet)
HPRegen 0.04/turn               (no ring)
MPRegen 0.08/turn               (no ring)

@: no status effects
A: no striking features
a: no special abilities


You were on level 1 of the Dungeon.
You visited 1 branch of the dungeon, and saw 1 of its levels.

You collected 10 gold pieces.

Inventory:

Missiles
 d - 3 datura-tipped darts
Armour
 a - a +0 robe
 c - a +0 chain mail (worn)
Potions
 b - a potion of magic


   Skills:
 + Level 2.0 Dodging
 + Level 2.0 Stealth
 + Level 2.2 Spellcasting
 + Level 4.0 Ice Magic


You had 3 spell levels left.
You knew the following spells:

 Your Spells              Type           Power      Damage    Failure   Level
a - Freeze                Ice            52%        1d7       100%        1

Your spell library contained the following spells:

 Spells                   Type           Power      Damage    Failure   Level
 Frozen Ramparts          Ice            26%        1d4       100%        3
 Ozocubu's Armour         Ice            13%        N/A       100%        3
 Hailstorm                Conj/Ice       7%         3d4       100%        4


Dungeon Overview and Level Annotations

Branches:
Dungeon (1/15)

Altars:


Message History

The dart slug is severely wounded.
The dart slug launches a dart at you.
The slug dart hits you but does no damage.
You hit the dart slug.
The dart slug is almost dead.
The dart slug bites you but does no damage.
You hit the dart slug but do no damage.
The dart slug is almost dead.
You hit the dart slug but do no damage.
The dart slug is almost dead.
The dart slug bites you but does no damage.
You hit the dart slug but do no damage.
The dart slug is almost dead.
The dart slug bites you but does no damage.
You completely miss the dart slug.
The dart slug is almost dead.
You hit the dart slug but do no damage.
The dart slug is almost dead.
The dart slug bites you.
You completely miss the dart slug.
The dart slug is almost dead.
The dart slug launches a dart at you. The slug dart hits you.
* * * LOW HITPOINT WARNING * * *
You hit the dart slug.
You kill the dart slug!
You see here a dart slug corpse.
You see here 3 datura-tipped darts.
d - 3 datura-tipped darts
Found a ring mail.
You see here a dart slug corpse.
An endoplasm comes into view.
The endoplasm quivers.
Found a book of Weapons.
The endoplasm freezes you.
You are frozen.
* * * LOW HITPOINT WARNING * * *
The endoplasm freezes you.
You are frozen.
You die...

#.......#.##........##
####.....
.#.......#.#....>.....#
######
#..........#..........#
#........#######.######
..###.......†...# .
#.......##.####
#.##.##.#...!.#
#..#.#.#.......# ....#.
.#....@..# .....#.
.#....J..# ......##
##.#....[.... .......
............#
.....#[.......#
:.##.##+###...# .. .
...# ## ...#


You could see an endoplasm.

Vanquished Creatures
  A dart slug (D:1)
1 creature vanquished.

Notes
Turn   | Place    | Note
-------+----------+-------------------------------------------
     0 | D:1      | joe1234567 the Human Ice Elementalist began the quest for
                  | the Orb.
     0 | D:1      | Reached XP level 1. HP: 13/13 MP: 3/3
   171 | D:1      | Frozen to death by an endoplasm

Illustrated notes

Levels and vault maps discovered:
D:1:      dpeg_arrival_snail, layout_basic, ebering_ecumenical_altar_webs,
          minmay_distorted

Action                   || total
-------------------------++-------
Melee: Unarmed           ||    15
Armor: Chain mail        ||     9

Table legend: (Time is in decaauts)
 A = Elapsed time spent in this place.
 B = Non-inter-level travel time spent in this place.
 C = Inter-level travel time spent in this place.
 D = Time resting spent in this place.
 E = Time spent auto-exploring this place.
 F = Levels seen in this place.
 G = Mean time per level.
                   A        B        C        D        E       F      G
               +--------+--------+--------+--------+--------+-----+--------+
         Total |    171 |    166 |      5 |      0 |      0 |   1 |  171.0 |
       Dungeon |    171 |    166 |      5 |      0 |      0 |   1 |  171.0 |
               +--------+--------+--------+--------+--------+-----+--------+

Top non-repeatable levels by time:
     D:1: 171 daAuts
